 Dungeon Crawl Stone Soup version 0.30.0 (webtiles) character file.

Game seed: 115029337459487195

79 Bronneh the Chopper (level 4, -4/34 HPs)
             Began as a Human Gladiator on Oct 3, 2023.
             Was an Initiate of Hepliaklqana.
             Succumbed to an orc wizard's poison
             ... on level 3 of the Dungeon.
             The game lasted 00:31:48 (2656 turns).

Bronneh the Chopper (Human Gladiator)               Turns: 2656, Time: 00:31:49

Health: -4/34      AC:  8    Str: 16    XL:     4   Next: 62%
Magic:  4/4        EV: 12    Int:  8    God:    Hepliaklqana [......]
Gold:   85         SH:  0    Dex: 15    Spells: 3/3 levels left

rFire   . . .        a - +0 war axe
rCold   . . .        (no shield)
rNeg    . . .        g - +0 ring mail
rPois   .            j - +1 helmet
rElec   .            (no cloak)
rCorr   .            (no gloves)
SInv    .            n - +0 pair of boots
Will    .....        (no amulet)
Stlth   +            (no ring)
HPRegen 0.25/turn    (no ring)
MPRegen 0.09/turn

%: no passive effects
@: lethally poisoned (-4 -> -25)
A: no striking features
a: Renounce Religion


You were on level 3 of the Dungeon.
You worshipped Hepliaklqana.
Hepliaklqana was noncommittal.
You visited 1 branch of the dungeon, and saw 3 of its levels.

You collected 85 gold pieces.

Inventory:

Hand Weapons
 a - a +0 war axe (weapon)
Missiles
 d - 3 throwing nets (quivered)
 e - a javelin
Armour
 b - a +0 leather armour
 c - a +0 helmet
 g - a +0 ring mail (worn)
 j - a +1 helmet (worn)
 n - a +0 pair of boots (worn)
Scrolls
 i - 3 scrolls of teleportation {unknown}
 k - a scroll of identify {unknown}
 l - a scroll of magic mapping {unknown}
 m - a scroll of fog {unknown}
 p - a scroll of vulnerability {unknown}
Potions
 f - 2 potions of might {unknown}
 h - a potion of berserk rage {unknown}
 o - a potion of attraction {unknown}


   Skills:
 + Level 2.4 Fighting
 + Level 4.2 Axes
 + Level 2.0 Throwing
 + Level 1.0 Armour
 + Level 3.4 Dodging


You had 3 spell levels left.
You didn't know any spells.
Your spell library was empty.

Dungeon Overview and Level Annotations

Branches:
Dungeon (3/15)

Altars:
Hepliaklqana

Annotations:
D:2 Sigmund


Message History

A magic dart appears from out of thin air!
The magic dart hits you but does no damage.
The dart slug launches a dart at you. The slug dart hits you.
The dart slug launches a dart at you. The slug dart hits you.
You hear some strange, mumbled words.
Something tries to affect you, but you resist.
The orc wizard points at you and mumbles some strange words.
The magic dart hits something!
The orc wizard gestures wildly while chanting.
The orc wizard flickers and vanishes!
You slash something!
You feel a bit more experienced.
A magic dart appears from out of thin air!
The magic dart hits you.
Your Armour skill increases to level 1!
Things that are here:
a +0 dagger; a +0 robe You closely miss something.
Something hits you but does no damage.
You are poisoned.
You barely miss something.
You feel very sick. Something hits you.
You are more poisoned.
Something hits you but does no damage.
You closely miss something.
You feel very sick. Something hits you.
You are more poisoned.
Something hits you but does no damage.
You are more poisoned.
* * * LOW HITPOINT WARNING * * *
You feel very sick.
* * * LOW HITPOINT WARNING * * *
You feel very sick.
* * * LOW HITPOINT WARNING * * *
You feel very sick. Something hits you but does no damage.
You are more poisoned.
You die...

#########
........#
#.@##
#...##########
#.#.o.w.......
#.####........
^. #........
.#. #........
..#. #..>.....
..
#..###........
###
#.....o#####..


You could see an orc.

Vanquished Creatures
  An orc wizard (D:3)
  3 adders (D:2)
  A worm (D:2)
  A dart slug (D:2)
  An orc (D:2)
  3 ball pythons (D:1)
  2 endoplasms (D:1)
  2 giant cockroaches (D:1)
  A goblin (D:3)
  5 hobgoblins
  2 quokkas
  2 bats
  A frilled lizard (D:2)
  5 kobolds
  8 rats
38 creatures vanquished.

Notes
Turn   | Place    | Note
-------+----------+-------------------------------------------
     0 | D:1      | Bronneh the Human Gladiator began the quest for the Orb.
     0 | D:1      | Reached XP level 1. HP: 16/16 MP: 1/1
   132 | D:1      | Reached XP level 2. HP: 22/22 MP: 2/2
   973 | D:1      | Reached XP level 3. HP: 27/27 MP: 3/3
  1437 | D:2      | Reached skill level 4 in Axes
  1437 | D:2      | Reached XP level 4. HP: 5/34 MP: 4/4
  1670 | D:2      | Noticed Sigmund
  2393 | D:2      | Found a faded altar of an unknown god.
  2470 | D:2      | Found a hazy altar of Hepliaklqana.
  2482 | D:2      | Became a worshipper of Hepliaklqana the Forgotten
  2649 | D:3      | Reached skill level 1 in Armour
  2655 | D:3      | HP: 1/34 [poisoned by an orc wizard]
  2656 | D:3      | Succumbed to an orc wizard's poison

Illustrated notes

Levels and vault maps discovered:
D:1:      nagdon_arrival_double_spiral, layout_basic
D:2:      wander_river, layout_basic, basic_altar,
          hellmonk_ecumenical_altar_defaced_shrine, corexii_hall_statues_l,
          uniq_sigmund
D:3:      layout_rooms, lemuel_tele_altar, gup_sewer_entry_bowl, serial_shops,
          nicolae_shop_hallway_plus, nicolae_shop_trees

Skill      XL: |  1  2  3  4 |
---------------+-------------+-----
Axes           | 4 |  4.2
Armour         | 1 |  1.0
Fighting       | |  2.4
Throwing       | |  2.0
Dodging        | |  3.4

Action                     |  1- 3 |  4- 6 || total
---------------------------+-------+-------++-------
  Melee: War axe           |    80 |    34 ||   114
         Punch             |       |     1 ||     1
 Armour: Leather armour    |    12 |       ||    12
         Ring mail         |    25 |    27 ||    52
  Dodge: Dodged            |    54 |    28 ||    82
